 Dungeon Crawl Stone Soup version 0.20.1-1-g8b1a95d (webtiles) character file.

3020 LarsimusPrime the Basher (level 9, -4/75 HPs)
             Began as a Minotaur Berserker on Sept 18, 2017.
             Was an Elder of Trog.
             Slain by a two-headed ogre
             ... wielding a +0 giant spiked club
              (27 damage)
             ... on level 8 of the Dungeon.
             The game lasted 00:25:36 (6417 turns).

LarsimusPrime the Basher (Minotaur Berserker)       Turns: 6417, Time: 00:25:37

Health: -4/75      AC: 17    Str: 30    XL:     9   Next: 55%
Magic:  8/8        EV:  6    Int:  5    God:    Trog [****..]
Gold:   296        SH: 18    Dex: 12    Spells: 8/8 levels left

rFire    . . .     SeeInvis .   x - +0 morningstar
rCold    + . .     Gourm    .   l - +0 large shield
rNeg     . . .     Faith    .   t - +4 plate armour of Gehenna {+Blink Str+3}
rPois    .         Spirit   .   (helmet restricted)
rElec    .         Reflect  .   (no cloak)
rCorr    .         Harm     +   I - +0 pair of gloves
MR       ++...                  (no boots)
Stlth    ..........             g - amulet of harm
Regen    1.3/turn               i - +5 ring of strength
MPRegen  0.2/turn               B - ring of protection from cold

@: berserk cooldown, starving, regenerating, slowed, very slow
A: retaliatory headbutt, horns 2
a: Berserk, Trog's Hand, Brothers in Arms, Burn Spellbooks, Renounce Religion,
Evoke Blink


You were on level 8 of the Dungeon.
You worshipped Trog.
Trog was greatly pleased with you.
You were starving.

You visited 2 branches of the dungeon, and saw 9 of its levels.

You collected 296 gold pieces.

Inventory:

Hand Weapons
 a - a +1 hand axe
 x - a +0 morningstar (weapon)
 F - the +2 halberd of the Dark Horse {chop, rC+ MR- Dex+7}
   (You found it on level 8 of the Dungeon)

   It inflicts extra damage upon your enemies.
   It affects your dexterity (+7).
   It protects you from cold.
   It affects your resistance to hostile enchantments.
 G - a cursed -3 mace
 N - a cursed +1 battleaxe of freezing
Missiles
 f - 15 tomahawks (quivered)
 y - 2 tomahawks of dispersal
Armour
 b - a +0 animal skin
 d - a +0 leather armour
 e - a +0 ring mail
 h - a +0 buckler
 l - a +0 large shield (worn)
 m - a +1 pair of gloves
 n - a +1 ring mail of poison resistance
 p - a +0 scale mail
 t - the +4 plate armour of Gehenna (worn) {+Blink Str+3}
   (You found it on level 4 of the Dungeon)

   It affects your strength (+3).
   It lets you blink.
 I - a +0 pair of gloves (worn)
Jewellery
 g - an amulet of harm (around neck)
 i - a +5 ring of strength (left hand)
 r - an uncursed ring of positive energy
 A - the ring of Darkness {Wiz Int+8}
   (You took it off an orc on level 6 of the Dungeon)

   [ring of wizardry]

   It improves your spell success rate.
   It affects your intelligence (+8).
 B - a ring of protection from cold (right hand)
 E - an uncursed ring of ice
Wands
 M - a wand of digging (9/24)
Scrolls
 s - 5 scrolls of teleportation
 u - a scroll of identify
 v - a scroll of recharging
 J - a scroll of fog
 L - a scroll of blinking
Potions
 j - 5 potions of curing
 k - 4 potions of degeneration {unknown}
 q - a potion of agility {unknown}
 C - a potion of heal wounds {unknown}
 D - a potion of lignification {unknown}
 H - 2 potions of brilliance {unknown}
 K - a potion of ambrosia {unknown}
Comestibles
 c - 2 meat rations
 o - 4 royal jellies
 w - a bread ration
 z - 6 fruits


   Skills:
 + Level 6.2 Fighting
 - Level 6.4(8.8) Axes
 * Level 9.3(10.1) Maces & Flails
 + Level 5.9 Armour
 + Level 3.9 Dodging
 * Level 8.1 Shields
 + Level 0.6 Evocations


You had 8 spell levels left.
You didn't know any spells.

Dungeon Overview and Level Annotations

Branches:
Dungeon (8/15)             Temple (1/1) D:5
   Lair: D:8-11

Altars:
Ashenzari
Elyvilon
Fedhas
Gozag
Hepliaklqana
Kikubaaqudgha
Makhleb
Qazlal
Ru
Sif Muna
Trog
Uskayaw
Vehumet
Xom
Yredelemnul

Portals:
Bailey: D:8


Innate Abilities, Weirdness & Mutations

You reflexively headbutt those who attack you in melee.
You have a pair of horns on your head.


Message History

You feel somewhat more hungry.
The two-headed ogre shouts in stereo!
You hear a howl!
A howler monkey comes into view.
A red film seems to cover your vision as you go berserk!
You feel yourself moving faster!
You feel mighty!
You are starving!
You feel a strong urge to attack something.
You feel your anger subside.
You are no longer berserk.
You are exhausted.
You feel yourself slow down.
You completely miss the two-headed ogre.
The two-headed ogre hits you with a giant spiked club!
You block the two-headed ogre's attack.
The howler monkey hits you but does no damage.
You puncture the two-headed ogre!
The two-headed ogre is moderately wounded.
The howler monkey hoots and howls with incredible vigour!
The two-headed ogre hits you with a giant spiked club!
The two-headed ogre hits you with a giant club!!
You die...

#.#....)..#
#.....)∩..##
#.....Z)...#
#..........#
#..........#
#......#..##
#..†(.##..#
#.)#####..##
#...@O.....#
##.##h...#..
#.# .##...##
#.# .##..##
#.# .# #.#
.# #.# .# #.
.#


You could see a two-headed ogre and a howler monkey.

Vanquished Creatures
  A centaur warrior (D:8)
  A hippogriff (D:7)
  Sigmund (D:3)
  Eustachio (D:5)
  A water moccasin (D:7)
  An orc warrior (D:7)
  An ogre (D:7)
  A sky beast (D:6)
  3 centaurs
  2 bullfrogs
  A gnoll sergeant (D:6)
  A scorpion (D:7)
  A howler monkey (D:5)
  3 wights (D:7)
  The ghost of zkobry the Grave Robber, a weakling MfNe (D:4)
  3 crimson imps
  2 hounds
  2 orc priests (D:5)
  5 orc wizards
  2 bullfrog skeletons
  An iguana (D:7)
  6 worker ants
  A killer bee zombie (D:6)
  A howler monkey zombie (D:5)
  A worker ant zombie (D:5)
  8 gnolls
  An adder (D:2)
  2 shadow imps
  2 oozes
  An adder zombie (D:3)
  A worm (D:4)
  A dart slug (D:2)
  4 leopard geckos
  22 orcs
  3 ball pythons
  5 giant cockroaches
  5 hobgoblins
  5 jackals
  3 quokkas
  8 bats
  5 frilled lizards
  5 goblins
  3 kobolds
  8 rats
136 creatures vanquished.

Notes
Turn   | Place    | Note
-------+----------+-------------------------------------------
     0 | D:1      | LarsimusPrime the Minotaur Berserker began the quest for the Orb.
     0 | D:1      | Reached XP level 1. HP: 19/19 MP: 0/0
   179 | D:1      | Reached XP level 2. HP: 27/27 MP: 1/1
   758 | D:2      | Reached ** piety under Trog
   780 | D:2      | Reached XP level 3. HP: 32/33 MP: 2/2
  1567 | D:3      | Noticed Sigmund
  1580 | D:3      | Killed Sigmund
  1580 | D:3      | Reached skill level 5 in Axes
  1580 | D:3      | Reached XP level 4. HP: 41/41 MP: 3/3
  1580 | D:3      | Reached XP level 5. HP: 47/47 MP: 4/4
  2147 | D:4      | Got a pitted plate armour
  2155 | D:4      | Identified the +4 plate armour of Gehenna {+Blink Str+3} (You found it on level 4 of the Dungeon)
  2316 | D:4      | Noticed zkobry's ghost (weakling MfNe)
  2336 | D:4      | Killed zkobry's ghost
  2336 | D:4      | Reached skill level 1 in Shields
  2336 | D:4      | Reached XP level 6. HP: 47/53 MP: 5/5
  2669 | D:4      | Found an opulent altar of Gozag.
  3149 | D:5      | Entered Level 5 of the Dungeon
  3200 | D:5      | Reached skill level 5 in Fighting
  3201 | D:5      | Found a staircase to the Ecumenical Temple.
  3212 | Temple   | Entered the Ecumenical Temple
  3390 | D:5      | Reached XP level 7. HP: 59/61 MP: 6/6
  3611 | D:5      | Reached *** piety under Trog
  3611 | D:5      | Reached skill level 1 in Maces & Flails
  3771 | D:5      | Noticed Eustachio
  3788 | D:5      | Killed Eustachio
  3788 | D:5      | Reached skill level 3 in Maces & Flails
  4137 | D:5      | Reached skill level 5 in Shields
  4466 | D:6      | Found a sacrificial altar of Ru.
  4475 | D:6      | Reached skill level 4 in Maces & Flails
  4475 | D:6      | Reached XP level 8. HP: 63/68 MP: 7/7
  4741 | D:6      | Reached skill level 5 in Maces & Flails
  4812 | D:6      | Found a hide-covered altar of Uskayaw.
  4937 | D:6      | Reached skill level 5 in Armour
  4940 | D:6      | Got a clouded ivory ring
  4961 | D:6      | Reached skill level 6 in Maces & Flails
  5360 | D:6      | Identified the ring of Darkness {Wiz Int+8} (You took it off an orc on level 6 of the Dungeon)
  5572 | D:7      | Reached skill level 7 in Maces & Flails
  5759 | D:7      | Reached **** piety under Trog
  5960 | D:7      | Noticed a hippogriff
  5968 | D:7      | Killed a hippogriff
  5968 | D:7      | Reached skill level 8 in Maces & Flails
  5968 | D:7      | Reached XP level 9. HP: 73/75 MP: 8/8
  6270 | D:8      | Found a flagged portal.
  6275 | D:8      | Got a shimmering halberd
  6276 | D:8      | Identified the +2 halberd of the Dark Horse {chop, rC+ MR- Dex+7} (You found it on level 8 of the Dungeon)
  6284 | D:8      | Noticed a centaur warrior
  6300 | D:8      | Killed a centaur warrior
  6300 | D:8      | Reached skill level 9 in Maces & Flails
  6411 | D:8      | Noticed a two-headed ogre
  6417 | D:8      | Slain by a two-headed ogre

Skill      XL: |  1  2  3  4  5  6  7  8  9 |
---------------+----------------------------+-----
Fighting       | 4 5 6 |  6.2
Axes           | 4 5 6 |  6.4
Armour         | 3 4 5 |  5.9
Dodging        | 3 |  3.9
Shields        | 1 3 5 6 8 |  8.1
Maces & Flails | 4 8 9 |  9.3
Evocations     | |  0.6

Action                   |  1- 3 |  4- 6 |  7- 9 || total
-------------------------+-------+-------+-------++-------
Melee: Hand axe          |    71 |    43 |       ||   114
       Headbutt          |     9 |    17 |    50 ||    76
       Morningstar       |       |    30 |   199 ||   229
Invok: Berserk           |     1 |     2 |     5 ||     8
       Burn Spellbooks   |       |       |     1 ||     1
       Trog's Hand       |       |       |     1 ||     1
 Abil: Evoke Blink       |       |       |     1 ||     1
  Use: Scroll            |     7 |     3 |     3 ||    13
  Eat: Chunk             |     2 |     4 |    12 ||    18
       Bread ration      |       |     1 |       ||     1
Armor: Ring mail         |    15 |       |       ||    15
       Scale mail        |    12 |    17 |    38 ||    67
       Plate armour      |       |       |    21 ||    21
Dodge: Dodged            |    54 |    14 |    35 ||   103
Block: Buckler           |     3 |       |       ||     3
       Large shield      |       |    56 |   189 ||   245
